 Dungeon Crawl Stone Soup version 0.30-a0-696-g2367cd04db (webtiles) character file.

Game seed: 14197497930246312549

62 wormed the Firebug (level 3, -4/24 HPs)
             Began as a Demonspawn Fire Elementalist on Jan 20, 2023.
             Killed by nerve-wracking pain
             ... invoked by an orc priest
              (9 damage)
             ... on level 3 of the Dungeon.
             The game lasted 00:03:37 (3520 turns).

wormed the Firebug (Demonspawn Fire Elementalist)   Turns: 3520, Time: 00:03:38

Health: -4/24      AC:  2    Str:  8    XL:     3   Next: 85%
Magic:  1/7        EV: 12    Int: 18    God:
Gold:   158        SH:  0    Dex: 18    Spells: 4/7 levels left

rFire   . . .      SeeInvis .    m - +5 dagger of Propriety {heavy, Dex+5}
rCold   . . .      Faith    .    (no shield)
rNeg    . . .      Spirit   .    a - +0 robe
rPois   .          Reflect  .    (no helmet)
rElec   .          Harm     .    (no cloak)
rCorr   .          Rampage  .    (no gloves)
Will    .....                    (no boots)
Stlth   ++                       (no amulet)
HPRegen 0.24/turn                j - +4 ring of slaying
MPRegen 0.10/turn                (no ring)

@: no status effects
A: hooves 1, foul stench 1
a: no special abilities


You were on level 3 of the Dungeon.
You visited 1 branch of the dungeon, and saw 3 of its levels.

You collected 158 gold pieces.

Inventory:

Hand Weapons
 m - the +5 dagger of Propriety (weapon) {heavy, Dex+5}
   (You found it on level 2 of the Dungeon)

   Dex:       It affects your dexterity (+5).
Armour
 a - a +0 robe (worn)
Jewellery
 j - a +4 ring of slaying (left hand)
Scrolls
 e - a scroll of blinking
Potions
 b - a potion of magic
 c - a potion of attraction {unknown}
 d - 3 potions of berserk rage
 g - a potion of degeneration


   Skills:
 - Level 1.7 Dodging
 - Level 1.7 Stealth
 + Level 2.7 Spellcasting
 + Level 2.2 Conjurations
 + Level 3.3 Fire Magic


You had 4 spell levels left.
You knew the following spells:

 Your Spells              Type           Power      Damage    Failure   Level
a - Foxfire               Conj/Fire      48%        2x1d6     5%          1
b - Scorch                Fire           28%        2d6       6%          2

Your spell library contained the following spells:

 Spells                   Type           Power      Damage    Failure   Level
 Apportation              Tloc           4%         N/A       17%         1
 Necrotise                Necr           8%         1d4       17%         1
 Summon Small Mammal      Summ           8%         N/A       17%         1
 Inner Flame              Hex/Fire       8%         N/A       26%         3
 Kindle Blastsparks       Fire/Tloc/Air  12%        2d11      32%         3
 Flame Wave               Conj/Fire      12%        2d6       47%         4
 Sticky Flame             Conj/Fire      12%        2d4       47%         4
 Blade Hands              Tmut           1%         N/A       99%         5
 Lehudib's Crystal Spear  Conj/Erth      3%         10d2      100%        8


Dungeon Overview and Level Annotations

Branches:
Dungeon (3/15)

Altars:
Makhleb
Qazlal
Uskayaw


Innate Abilities, Weirdness & Mutations

You have large cloven feet.
You may rarely emit foul miasma when damaged in melee.


Message History

Casting: Scorch (safe; 6% risk of failure)
Confirm with . or Enter, or press ? or * to list all spells.
Flames lash the orc.
The orc is severely wounded.
The orc's fire resistance burns away.
The orc hits you with a +0 mace!
A hobgoblin comes into view.
You hit the orc.
You kill the orc!
The hobgoblin throws a stone.
The stone misses you.
The hobgoblin throws a stone.
The stone closely misses you.
Casting: Scorch (safe; 6% risk of failure)
Confirm with . or Enter, or press ? or * to list all spells.
You miscast Scorch.
You are very lightly contaminated with residual magic.
Nothing appears to happen.
The hobgoblin throws a stone.
The stone hits you. The hobgoblin hits you.
You puncture the hobgoblin!
You kill the hobgoblin!
An orc priest comes into view. It is wielding a +0 trident.
An orc priest is nearby!
An orc priest is nearby!
You see here 5 stones.
Casting: Scorch (safe; 6% risk of failure)
Confirm with . or Enter, or press ? or * to list all spells.
You don't have enough magic to cast this spell.
Your magical contamination has completely faded away.
An orc priest is nearby!
The orc priest hits you with a +0 trident.
You hit the orc priest.
The orc priest is heavily wounded.
The orc priest barely misses you.
You hit the orc priest. You kick the orc priest.
The orc priest is almost dead.
The orc priest hits you with a +0 trident.
* * * LOW HITPOINT WARNING * * *
The orc priest mumbles some strange prayers to Beogh against you.
Pain shoots through your body!
You die...

#.#####.# #.#
###....##.####....#
#.................#
#.#...)#######....#
#.#.## .#.# #.#.#
....# # #(# ...
#o####.....
#.@........
#............
########..... ....
#.##.###### #.#
#.......... #.#
#.########. #.#
##.##...##.# #.#
#..##.>.....


You could see an orc priest.

Vanquished Creatures
  An adder (D:3)
  A worm (D:3)
  2 dart slugs (D:1)
  4 orcs (D:3)
  3 endoplasms
  A giant cockroach (D:1)
  6 hobgoblins
  3 quokkas
  8 ball pythons
  2 frilled lizards (D:1)
  3 goblins
  2 kobolds
  6 rats
42 creatures vanquished.

Vanquished Creatures (others)
  53 foxfires (D:1)
53 creatures vanquished.

Grand Total: 95 creatures vanquished

Notes
Turn   | Place    | Note
-------+----------+-------------------------------------------
     0 | D:1      | wormed the Demonspawn Fire Elementalist began the quest for
                  | the Orb.
     0 | D:1      | Reached XP level 1. HP: 13/13 MP: 3/3
   216 | D:1      | Gained mutation: You may rarely emit foul miasma when
                  | damaged in melee. [demonic ancestry]
   216 | D:1      | Reached XP level 2. HP: 19/19 MP: 1/5
   787 | D:1      | Learned a level 2 spell: Scorch
   869 | D:1      | Reached skill level 3 in Fire Magic
  1745 | D:2      | Gained mutation: You have large cloven feet. [demonic
                  | ancestry]
  1745 | D:2      | Reached XP level 3. HP: 24/24 MP: 3/6
  1902 | D:2      | Found a faded altar of an unknown god.
  1909 | D:2      | Got the Vellum of Luminous Permutations
  1940 | D:2      | Identified the +5 dagger of Propriety {heavy, Dex+5}
  2103 | D:2      | Found a stormy altar of Qazlal.
  3373 | D:3      | Found a stormy altar of Qazlal.
  3373 | D:3      | Found a burning altar of Makhleb.
  3374 | D:3      | Found a hide-covered altar of Uskayaw.
  3520 | D:3      | Killed from afar by an orc priest

Illustrated notes

Levels and vault maps discovered:
D:1:      dpeg_arrival_another_circle, layout_basic, minmay_misc_feat_pillars,
          nicolae_figureground_pulse
D:2:      layout_loops_corners, basic_altar,
          shapermc_ecumenical_altar_totnotflames
D:3:      layout_loops_ring, gammafunk_temple_overflow_claw

Skill      XL: |  1  2  3 |
---------------+----------+-----
Fire Magic     | 3 |  3.3
Conjurations   | 2 |  2.2
Dodging        | |  1.7
Stealth        | |  1.7
Spellcasting   | |  2.7

Action                   || total
-------------------------++-------
Melee: Unarmed           ||    21
       Dagger            ||     8
       Kick              ||     1
 Cast: Foxfire           ||    29
       Scorch            ||    26
  Use: Scroll            ||     8
Armor: Robe              ||     5
Dodge: Dodged            ||    34

Table legend: (Time is in decaauts)
 A = Elapsed time spent in this place.
 B = Non-inter-level travel time spent in this place.
 C = Inter-level travel time spent in this place.
 D = Time resting spent in this place.
 E = Time spent auto-exploring this place.
 F = Levels seen in this place.
 G = Mean time per level.
                   A        B        C        D        E       F      G
               +--------+--------+--------+--------+--------+-----+--------+
         Total |   3522 |   3418 |    104 |    436 |   2666 |   3 | 1174.0 |
       Dungeon |   3522 |   3418 |    104 |    436 |   2666 |   3 | 1174.0 |
               +--------+--------+--------+--------+--------+-----+--------+

Top non-repeatable levels by time:
     D:1: 1586 daAuts
     D:2: 1439 daAuts
     D:3: 496 daAuts
